AoeStats
← Chitreano

Oasis

510244535Analyzed
4v4 RM · 2d ago on Sep 30, 2026· 27m 45s· 8 players
Game mode
Random Map
Map size
Large (8 player)
Population
200
Speed
Normal
Resources
Standard
Victory
Conquest
Starting age
Dark Age
Ending age
Imperial Age
RankedLock teamsTeams togetherTeam positionsShared explorationLock speedFull tech treeHidden civsTurbo modeCheats
Victory
Defeat
🇨🇦 Burgundians · Canada
1236
+17
🇵🇦 Saracens · Panama
1214
+18
🇵🇦 Ethiopians · Panama
1194
+18
🇵🇦 Mongols · Panama
1190
+18
🇩🇪 Saxons · Germany
1262
-18
🇧🇷 Georgians · Brazil
1262
-18
🇺🇸 Romans · United States
1261
-18
🇺🇸 Celts · United States
1225
-17
BuFu1
6:33 Loom
9:55 Feudal Age
20:35 Castle Age
18:42 Double-Bit Axe
20:39 Horse Collar
22:18 Wheelbarrow
22:07 Bow Saw
26:17 Pikeman
Anton Webern
10:50 Feudal Age
11:57 Double-Bit Axe
14:37 Castle Age
18:42 Loom
22:45 Husbandry
23:10 Scale Barding Armor
23:13 Horse Collar
25:02 Bloodlines
25:41 Chain Barding Armor
27:31 Forging
Victor751
7:32 Loom
10:56 Feudal Age
11:22 Horse Collar
11:30 Double-Bit Axe
14:16 Man-at-Arms
20:26 Castle Age
18:44 Scale Mail Armor
18:54 Forging
18:46 Stone Mining
20:32 Wheelbarrow
20:05 Gold Mining
20:15 Arson
20:25 Fletching
21:30 Town Watch
21:51 Bodkin Arrow
22:46 Bow Saw
23:03 Heavy Plow
pro_backseatgamer
9:45 Loom
11:31 Feudal Age
17:41 Castle Age
OnlyFarms
5:19 Loom
9:37 Feudal Age
11:14 Double-Bit Axe
14:00 Forging
17:02 Scale Barding Armor
23:09 Castle Age
22:35 Bloodlines
22:44 Fletching
22:44 Horse Collar
25:53 Chain Barding Armor
27:20 Husbandry
TrueDisplay
12:17 Feudal Age
13:34 Double-Bit Axe
16:05 Castle Age
14:00 Gold Mining
14:03 Horse Collar
15:40 Bow Saw
16:11 Gold Shaft Mining
16:15 Cavalier
17:09 Scale Barding Armor
17:14 Forging
18:02 Husbandry
23:38 Chain Barding Armor
26:03 Iron Casting
hlezcano91
7:30 Loom
10:26 Feudal Age
11:05 Double-Bit Axe
14:01 Fletching
24:06 Castle Age
22:38 Horse Collar
22:50 Gold Mining
24:13 Crossbowman
24:50 Bodkin Arrow
24:55 Padded Archer Armor
25:51 Bow Saw
26:33 Thumb Ring
Chitreano
5:48 Loom
8:59 Feudal Age
21:25 Castle Age
19:45 Gold Mining
20:03 Double-Bit Axe
23:09 Bow Saw
23:32 Fletching
23:43 Padded Archer Armor
24:27 Bodkin Arrow
26:54 Leather Archer Armor
Connection lost

Rejoining the realm…

Still unreachable

The connection could not be restored.

Session expired

The server has moved on; the page needs a fresh start.